 Dungeon Crawl Stone Soup version 0.27.1-3-gb3d3a73c9e (webtiles) character file.

Game seed: 9165225166564403681

31 earthworldpsion the Skirmisher (level 3, -1/33 HPs)
             Began as a Minotaur Berserker on Oct 20, 2021.
             Was a Follower of Trog.
             Succumbed to an adder's poison
             ... on level 2 of the Dungeon.
             The game lasted 00:02:09 (1490 turns).

earthworldpsion the Skirmisher (Minotaur Berserker) Turns: 1490, Time: 00:02:09

Health: -1/33      AC:  2    Str: 22    XL:     3   Next: 7%
Magic:  2/2        EV: 12    Int:  4    God:    Trog [*.....]
Gold:   45         SH:  0    Dex:  9    Spells: 2/2 levels left

rFire    + . .     SeeInvis .   j - +0 war axe
rCold    . . .     Faith    .   (no shield)
rNeg     . . .     Spirit   .   b - +0 animal skin
rPois    .         Reflect  .   (helmet restricted)
rElec    .         Harm     .   (no cloak)
rCorr    .         Rampage  .   (no gloves)
Will     .....                  (no boots)
Stlth    +.........             (no amulet)
HPRegen  0.11/turn              g - ring of protection from fire
MPRegen  0.08/turn              (no ring)

@: lethally poisoned (-1 -> -8)
A: horns 2, retaliatory headbutt
a: Renounce Religion, Berserk


You were on level 2 of the Dungeon.
You worshipped Trog.
Trog was aware of your devotion.
You visited 1 branch of the dungeon, and saw 2 of its levels.

You collected 45 gold pieces.

Inventory:

Hand Weapons
 a - a +0 hand axe
 j - a +0 war axe (weapon)
Armour
 b - a +0 animal skin (worn)
Jewellery
 g - a ring of protection from fire (left hand)
Scrolls
 c - a scroll of enchant weapon {unknown}
 d - a scroll of fog {unknown}
 f - a scroll of fear {unknown}
 h - a scroll of noise {unknown}
Potions
 e - a potion of curing {unknown}
 i - 2 potions of might {unknown}
 k - a potion of attraction {unknown}


   Skills:
 + Level 4.0 Fighting
 + Level 4.0 Axes
 + Level 3.0 Armour
 + Level 2.7 Dodging


You had 2 spell levels left.
You didn't know any spells.
Your spell library was empty.

Dungeon Overview and Level Annotations

Branches:
Dungeon (2/15)

Altars:


Innate Abilities, Weirdness & Mutations

You have a pair of horns on your head.
You reflexively headbutt those who attack you in melee.


Message History

You hit the endoplasm.
You feel sick. The adder closely misses you. The endoplasm hits you.
The adder bites you.
You slash the endoplasm!
You kill the endoplasm!
Trog accepts your kill.
You closely miss the adder.
You feel sick. The adder barely misses you.
You miss the adder.
You feel sick.
You are no longer poisoned.
The adder closely misses you. You furiously retaliate!
You headbutt the adder. The adder bites you but does no damage.
You miss the adder.
The adder is lightly wounded.
The adder closely misses you. You furiously retaliate!
You headbutt the adder.
A ball python comes into view.
The adder closely misses you.
You barely miss the adder. Your headbutt misses the adder.
The adder is heavily wounded.
The adder bites you.
You hit the adder.
The adder is severely wounded.
The adder bites you.
You are poisoned.
The adder poisons you! The adder bites you.
You are too injured to fight recklessly!
You are too injured to fight recklessly!
You are too injured to fight recklessly!
You miss the adder.
The adder is severely wounded.
You feel sick. The adder bites you.
* * * LOW HITPOINT WARNING * * *
You are lethally poisoned!
The adder poisons you! The adder bites you.
* * * LOW HITPOINT WARNING * * *
You closely miss the adder.
The adder is severely wounded.
* * * LOW HITPOINT WARNING * * *
You feel sick. The adder misses you.
You barely miss the adder. Your headbutt misses the adder.
The adder is severely wounded.
You die...

#.. #... .....
####...# ###......#
#####........ ....
.....<.S.S#
.....#########.@#
#.##............#
#..#####....##..#
#............>.#
###..#.....#.###.#
.......#####.......#
......<.########.#.#
....###...### #.#.#
###.# ###...# #.# #


You could see an adder and a ball python.

Vanquished Creatures
  2 adders (D:2)
  An endoplasm (D:2)
  2 ball pythons
  5 bats
  3 frilled lizards
  A goblin (D:1)
  2 kobolds (D:1)
  2 rats (D:1)
18 creatures vanquished.

Notes
Turn   | Place    | Note
-------+----------+-------------------------------------------
     0 | D:1      | earthworldpsion the Minotaur Berserker began the quest for
                  | the Orb.
     0 | D:1      | Reached XP level 1. HP: 19/19 MP: 0/0
   217 | D:1      | Found a faded altar of an unknown god.
   972 | D:1      | Reached XP level 2. HP: 23/26 MP: 1/1
  1427 | D:2      | Reached XP level 3. HP: 33/33 MP: 2/2
  1490 | D:2      | Succumbed to an adder's poison

Illustrated notes

Levels and vault maps discovered:
D:1:      roderic_chinese_lattice_arrival, layout_basic,
          shapermc_ecumenical_altar_starsandcircs
D:2:      layout_rooms, minmay_tiny_reverse_x

Skill      XL: |  1  2 |
---------------+-------+-----
Fighting       | 4 |  4.0
Axes           | 4 |  4.0
Armour         | 3 |  3.0
Dodging        | |  2.7

Action                   || total
-------------------------++-------
Melee: Hand axe          ||    32
       Headbutt          ||     3
       War axe           ||    24
Armor: Animal skin       ||    13
Dodge: Dodged            ||    40
